 Dungeon Crawl Stone Soup version 0.25.1-2-g60ff931df9 (webtiles) character file.

Game seed: 5453975067024481549

177053 Brecoman the Warrior (level 17, -3/170 HPs)
             Began as a Hill Orc Monk on June 13, 2020.
             Was an Elder of Beogh.
             Killed from afar by a shock serpent (18 damage)
             ... with a bolt of electricity
             ... on level 3 of the Snake Pit on Oct 5, 2020.
             The game lasted 02:14:25 (44887 turns).

Brecoman the Warrior (Hill Orc Monk)               Turns: 44887, Time: 02:14:26

Health: -3/170     AC: 24    Str: 21    XL:     17   Next: 84%
Magic:  26/26      EV:  6    Int: 10    God:    Beogh [****..]
Gold:   2007       SH: 20    Dex: 17    Spells: 16/16 levels left

rFire    + . .     SeeInvis +   y - +0 broad axe
rCold    + . .     Gourm    .   f - +0 tower shield
rNeg     + + .     Faith    .   F - +0 plate armour
rPois    +         Spirit   .   t - +1 hat {SInv}
rElec    .         Reflect  .   N - scarf {rC+ rF+}
rCorr    .         Harm     .   i - +2 pair of gloves
MR       ++++.     Clarity  +   s - +1 pair of boots
Stlth    ..........             V - amulet of the Four Winds {rN+ MR+++ Clar}
HPRegen  0.38/turn              S - ring of Cizioturph {rPois rN+ Dex+4 SInv}
MPRegen  0.20/turn              Q - ring of Shadows {Umbra +Inv Stlth+}

@: about to teleport, wreathed by umbra, studying Axes
A: no striking features
}: 1/15 runes: decaying
a: Smiting, Recall Orcish Followers, Renounce Religion, Evoke Invisibility


You were on level 3 of the Snake Pit.
You worshipped Beogh.
Beogh was greatly pleased with you.
You were not hungry.

You visited 5 branches of the dungeon, and saw 30 of its levels.
You also visited: Sewer, Bailey, Gauntlet and Ice Cave.

You collected 3552 gold pieces.
You spent 1545 gold pieces at shops.

Inventory:

Hand Weapons
 y - a +0 broad axe (weapon)
Missiles
 e - 811 stones (quivered)
Armour
 f - a +0 tower shield (worn)
 i - a +2 pair of gloves (worn)
 k - the +0 cloak "Raulaw Cyib" {rElec}
   (You found it in a bailey)

   It insulates you from electricity.
 s - a +1 pair of boots (worn)
 t - a +1 hat of see invisible (worn)
 F - a +0 plate armour (worn)
 N - a scarf of resistance (worn)
Jewellery
 o - the ring of Cowardice {rC+ Str+4}
   (You found it in an ice cave)

   [ring of protection from cold]

   It affects your strength (+4).
   It protects you from cold.
 G - the ring of Putusif {rCorr Int+4 Dex+2}
   (You found it on level 1 of the Swamp)

   [ring of resist corrosion]

   It affects your intelligence (+4).
   It affects your dexterity (+2).
   It provides partial protection from all sources of acid and corrosion.
 Q - the ring of Shadows (right hand) {Umbra +Inv Stlth+}
   (You found it on level 10 of the Dungeon)

   [ring of stealth]

   It lets you turn invisible.
   It makes you more stealthy.
 S - the ring of Cizioturph (left hand) {rPois rN+ Dex+4 SInv}
   (You found it in an ice cave)

   [ring of positive energy]

   It affects your dexterity (+4).
   It protects you from poison.
   It protects you from negative energy.
   It lets you see invisible.
 V - the amulet of the Four Winds (around neck) {rN+ MR+++ Clar}
   (You found it on level 12 of the Dungeon)

   [amulet of nothing]

   It protects you from negative energy.
   It affects your resistance to hostile enchantments.
   It protects you against confusion.
 W - an uncursed ring of protection from fire
Wands
 g - a wand of digging (3)
 m - a wand of acid (13)
 A - a wand of iceblast (21)
 B - a wand of enslavement (23)
 K - a wand of clouds (7)
 O - a wand of disintegration (34)
 R - a wand of paralysis (19)
 X - a wand of polymorph (18)
Scrolls
 b - 7 scrolls of teleportation
 d - 5 scrolls of enchant armour
 j - 5 scrolls of magic mapping
 p - 4 scrolls of amnesia
 C - 9 scrolls of remove curse
 D - 4 scrolls of enchant weapon
 H - 4 scrolls of fog
 L - 4 scrolls of immolation
 M - 3 scrolls of holy word
 P - a scroll of blinking
 U - a scroll of fear
 Z - 4 scrolls of identify
Potions
 a - 3 potions of cancellation
 h - a potion of stabbing
 l - 5 potions of mutation
 n - 2 potions of invisibility
 q - 7 potions of flight
 r - 5 potions of lignification
 u - 3 potions of berserk rage
 v - 17 potions of curing
 w - 2 potions of might
 x - 6 potions of brilliance
 z - 7 potions of resistance
 I - 2 potions of ambrosia
 T - 3 potions of haste
Books
 E - a manual of Axes
Miscellaneous
 Y - a tin of tremorstones (3/3)
Comestibles
 c - 23 rations


   Skills:
 + Level 20.2 Fighting
 - Level 18.0 Axes
 + Level 14.8 Armour
 - Level 2.4 Dodging
 - Level 1.5 Stealth
 + Level 15.3 Shields
 + Level 13.2 Invocations
 - Level 10.8 Evocations


You had 16 spell levels left.
You didn't know any spells.
Your spell library contained the following spells:

 Spells                   Type           Power        Failure   Level  Hunger
 Animate Skeleton         Necr           N/A          100%        1    ##.....
 Beastly Appendage        Tmut           #.....       100%        1    ##.....
 Corona                   Hex            #......      100%        1    ##.....
 Foxfire                  Conj/Fire      #...         100%        1    ##.....
 Pain                     Necr           #...         100%        1    ##.....
 Summon Butterflies       Summ           #.......     100%        1    ##.....
 Ensorcelled Hibernation  Hex/Ice        #.....       100%        2    ###....
 Sticks to Snakes         Tmut           #.......     100%        2    ###....
 Call Canine Familiar     Summ           #.......     100%        3    ####...
 Confusing Touch          Hex            #.......     100%        3    ####...
 Conjure Flame            Conj/Fire      #.......     100%        3    ####...
 Dazzling Flash           Conj/Hex       #.....       100%        3    ####...
 Gell's Gravitas          Tloc           #.........   100%        3    ####...
 Inner Flame              Hex/Fire       #.......     100%        3    ####...
 Recall                   Summ/Tloc      N/A          100%        3    ####...
 Spider Form              Tmut/Pois      #.........   100%        3    ####...
 Tukima's Dance           Hex            #.......     100%        3    ####...
 Vampiric Draining        Necr           #.........   100%        3    ####...
 Animate Dead             Necr           N/A          100%        4    #####..
 Ice Form                 Ice/Tmut       #.......     100%        4    #####..
 Petrify                  Tmut/Erth      #.......     100%        4    #####..
 Sticky Flame             Conj/Fire      #.......     100%        4    #####..
 Summon Ice Beast         Ice/Summ       #.......     100%        4    #####..
 Agony                    Necr           #.......     100%        5    ######.
 Blade Hands              Tmut           #.........   100%        5    ######.
 Bolt of Magma            Conj/Fire/Erth #.........   100%        5    ######.
 Borgnjor's Vile Clutch   Necr/Erth      #.........   100%        5    ######.
 Fireball                 Conj/Fire      #.........   100%        5    ######.
 Iskenderun's Battlesphe  Conj/Chrm      #.......     100%        5    ######.
 Metabolic Englaciation   Hex/Ice        #.........   100%        5    ######.
 Summon Mana Viper        Hex/Summ       #.......     100%        5    ######.
 Yara's Violent Unravell  Hex/Tmut       #.........   100%        5    ######.
 Death Channel            Necr           #.........   100%        6    #######
 Iron Shot                Conj/Erth      #.........   100%        6    #######
 Simulacrum               Ice/Necr       #.........   100%        6    #######
 Orb of Destruction       Conj           #.........   100%        7    #######
 Spellforged Servitor     Conj/Summ      #.........   100%        7    #######
 Summon Hydra             Summ           #.........   100%        7    #######


Dungeon Overview and Level Annotations

Branches:
Dungeon (15/15)            Temple (0/1) D:4            Lair (6/6) D:11
  Swamp (4/4) Lair:3        Snake (3/4) Lair:4        Slime (0/5) Lair:6
    Orc (2/2) D:12            Elf (0/3) Orc:2        Vaults (0/5) D:13
 Depths (0/5) D:15          Sewer (visited)          Bailey (visited)
  IceCv (visited)         Gauntlet (visited)

Altars:
Dithmenos
Fedhas
Hepliaklqana
Kikubaaqudgha
Qazlal
Sif Muna
Vehumet
Xom
Yredelemnul
Beogh
Jiyva

Shops:
D:13 *   Orc:2 !:((

Annotations:
Lair:1 2 transporters, thethe's ghost, novice MiFi
Swamp:3 2 transporters, Voldus's ghost, adept TrMo
Swamp:4 exclusion: 3 oklob plants
Snake:1 1 runed translucent door, Bunnuime's ghost, adept DECj


Message History

The shock serpent bites you.
* * * LOW HITPOINT WARNING * * *
The shock serpent shocks you!
* * * LOW HITPOINT WARNING * * *
You feel much better. You block the anaconda's attack.
The anaconda bites you but does no damage.
The naga mage gestures at you while chanting.
The lance of force hits your neqoxec!!
Your neqoxec is knocked back by the lance of force.
Your neqoxec collides with the salamander!
The naga mage constricts your neqoxec.
Your neqoxec dies!
Your white imp disappears in a puff of smoke!
Your crimson imp disappears in a puff of smoke!
Your quasit disappears in a puff of smoke!
The shock serpent shoots out a bolt of lightning at you!
The bolt of electricity hits you!
* * * LOW HITPOINT WARNING * * *
The bolt of electricity hits you!!
You die...

.. ... #...
##.. ###.# .
##N..## ..#
#@NSN§##....
#SSNN.N.....
#..#.$oN......
##.##.§...##.#
#. #.#...# #.
#.#.#.# ..
....#:N.
####..## .#.
##.# # .


You could see a naga warrior, a salamander (paralysed, misshapen), an anaconda,
2 shock serpents, 4 naga magi, 2 nagas and a friendly orc sorcerer.

Vanquished Creatures
  Jorgrun (Swamp:3)
  An Ice Fiend (IceCv)
  Frances (Snake:2)
  3 thorn hunters
  A stone giant (Orc:1)
  A minotaur (Gauntlet)
  2 vampire knights (Swamp:4)
  An ettin (D:13)
  Harold (Lair:1)
  17 hydras
  4 naga warriors
  3 anacondas
  6 two-headed ogres
  3 shambling mangroves (Swamp:4)
  A death yak (Lair:6)
  2 orc high priests (Orc:2)
  14 alligators
  A death knight (D:13)
  A vampire mage (D:15)
  3 naga sharpshooters
  2 shock serpents (Snake:2)
  A salamander mystic (Snake:1)
  A skeletal warrior (D:15)
  2 spectral hydras (Swamp:4)
  4 spriggan druids
  An unseen horror (D:15)
  2 naga ritualists (Snake:2)
  9 swamp dragons
  A wizard (Gauntlet)
  A necromancer (D:15)
  An orc knight (Orc:2)
  A lindwurm (D:13)
  A deep elf mage (D:13)
  Pikel (D:6)
  6 salamanders
  4 ugly things
  13 slime creatures
  A cyclops (D:12)
  2 manticores
  4 mana vipers
  16 black mambas
  4 naga magi
  2 guardian serpents
  An ice statue (Swamp:3)
  8 spiny frogs
  A gargoyle (D:15)
  2 komodo dragons
  Maggie (D:8)
  3 yaktaurs (D:15)
  5 ice devils (IceCv)
  4 freezing wraiths
  An anaconda simulacrum (IceCv)
  A golden dragon simulacrum (IceCv)
  A meliai (shapeshifter) (D:13)
  2 death drake zombies (Swamp:4)
  8 tyrant leeches
  A troll (D:10)
  A polar bear (Lair:5)
  A wolf spider simulacrum (IceCv)
  A death drake skeleton (Swamp:4)
  Grinder (D:3)
  7 bog bodies
  A raiju (Swamp:3)
  6 hornets (Swamp:4)
  A dream sheep (Lair:4)
  2 hippogriffs
  7 blink frogs
  7 flying skulls (Gauntlet)
  2 vampires
  A spriggan (shapeshifter) (D:13)
  4 shadows
  16 yaks
  2 dire elephant simulacra (IceCv)
  3 hogs (D:13)
  2 hungry ghosts
  2 death yak simulacra (IceCv)
  19 insubstantial wisps
  16 vampire mosquitoes
  3 harpy simulacra (IceCv)
  20 nagas
  12 swamp worms
  2 acid dragons
  7 hydra simulacra
  An iron troll simulacrum (IceCv)
  3 water moccasins
  7 swamp drakes
  3 sky beasts
  A slave (D:6)
  3 ice beasts
  6 orc warriors
  An ettin simulacrum (IceCv)
  2 swamp dragon zombies (Swamp:4)
  3 ogres
  5 wolves
  7 centaurs
  2 swamp dragon skeletons (Swamp:4)
  5 crocodiles
  3 bullfrogs
  A water moccasin skeleton (D:7)
  An elephant simulacrum (IceCv)
  A wight (D:13)
  A killer bee (D:10)
  7 electric eels
  3 howler monkeys
  A crimson imp (D:5)
  2 bullfrog zombies (D:12)
  A centaur zombie (D:4)
  3 draconian simulacra (IceCv)
  6 hounds
  A jelly (D:14)
  4 centaur skeletons
  4 orc wizards
  A bullfrog skeleton (D:12)
  3 iguanas
  A troll simulacrum (IceCv)
  9 worker ants
  A polar bear simulacrum (IceCv)
  A spriggan simulacrum (IceCv)
  2 centaur simulacra (IceCv)
  A hound zombie (D:7)
  A hound skeleton (D:10)
  12 adders
  2 naga simulacra (IceCv)
  2 ogre simulacra (IceCv)
  A river rat (D:5)
  6 shadow imps
  4 white imps
  7 ufetubi (IceCv)
  An ooze (Sewer)
  2 adder skeletons
  2 worms
  4 dart slugs
  4 leopard geckos
  17 orcs
  11 bats
  7 giant cockroaches
  15 goblins
  7 hobgoblins
  4 jackals (D:7)
  6 quokkas
  5 ball pythons
  7 frilled lizards
  25 kobolds
  11 rats
  A river rat simulacrum (Lair:4)
  A fungus (Lair:1)
  4 plants
608 creatures vanquished.

Vanquished Creatures (collateral kills)
  Gastronok (Lair:2)
  Kirke (D:13)
  A hydra skeleton (Swamp:4)
  An ogre mage (D:15)
  A vault guard (D:13)
  Erolcha (D:11)
  Fannar (Orc:1)
  5 hydras
  A shambling mangrove (Swamp:4)
  5 two-headed ogres
  2 centaur warriors (D:14)
  An anaconda (Snake:2)
  3 orc high priests (Orc:2)
  A naga sharpshooter (Snake:2)
  12 death yaks
  2 skeletal warriors
  A spriggan druid (Swamp:3)
  2 phantasmal warriors (D:13)
  2 orc knights
  A flayed ghost (Swamp:4)
  A tengu zombie (D:15)
  2 spectral hydras (Swamp:4)
  A necromancer (Lair:4)
  2 deep elf magi
  2 cyclopes
  An orc sorcerer (Orc:1)
  A stone giant zombie (D:15)
  7 ugly things
  A naga mage (Snake:2)
  Maurice (D:11)
  5 black mambas
  A torpor snail (Lair:4)
  A gargoyle (D:12)
  17 spiny frogs
  A yaktaur zombie (D:15)
  An efreet (D:14)
  A freezing wraith (D:13)
  A kobold demonologist (D:15)
  A yaktaur (D:15)
  A redback zombie (D:15)
  7 komodo dragons
  7 trolls
  A polar bear (Lair:3)
  2 death drake zombies (Swamp:4)
  A troll (shapeshifter) (D:13)
  2 hornets (Swamp:4)
  4 tyrant leeches (Lair:6)
  6 slime creatures
  44 blink frogs
  5 hippogriffs
  An ice dragon zombie (D:15)
  Prince Ribbit (Lair:1)
  3 dream sheep (Lair:4)
  A spriggan (shapeshifter) (D:14)
  A shadow (Swamp:3)
  2 wraiths
  2 spriggans
  A vampire (D:15)
  3 hogs (D:11)
  5 wyverns
  36 yaks
  A golden eye (shapeshifter) (D:15)
  2 basilisks
  A human (D:11)
  7 vampire mosquitoes
  2 wargs
  2 swamp worms (Swamp:3)
  A hydra simulacrum (Swamp:4)
  4 nagas
  13 water moccasins
  2 insubstantial wisps (Swamp:4)
  A soldier ant (D:11)
  6 porcupines
  5 sky beasts
  A swamp drake (Swamp:4)
  A swamp dragon zombie (Swamp:4)
  A necrophage (D:11)
  19 orc warriors
  3 ice beasts
  2 black bears
  A phantom (D:12)
  20 wolves
  An ogre (Orc:2)
  2 eyes of draining (D:12)
  9 centaurs
  6 crocodiles
  3 big kobolds
  A wyvern zombie (D:13)
  A gnoll sergeant (D:11)
  26 bullfrogs
  2 wyvern skeletons
  2 killer bees (D:10)
  3 wights (D:13)
  A howler monkey (D:9)
  6 crimson imps
  A bullfrog zombie (D:8)
  5 centaur skeletons
  12 orc priests
  8 hounds
  3 orc wizards
  A bullfrog skeleton (D:8)
  5 jellies
  5 worker ants
  3 iguanas
  3 yak simulacra (Lair:4)
  2 polar bear simulacra (Lair:4)
  4 wolf simulacra (Lair:4)
  A hound skeleton (D:10)
  2 worker ant zombies
  3 gnolls (D:8)
  5 adders
  2 shadow imps
  An adder skeleton (D:8)
  3 leopard geckos
  22 orcs
  3 kobolds
  2 quokkas
  A river rat simulacrum (Lair:4)
  17 fungi
  21 plants
522 creatures vanquished.

Vanquished Creatures (others)
  2 orc warlords (Swamp:4)
  An orc high priest (Orc:1)
  A wizard (Gauntlet)
  7 orc knights
  An orc sorcerer (Orc:1)
  16 orc priests
  18 orc warriors
  A swamp drake (Swamp:3)
  6 orc wizards
  70 orcs
  A briar patch (Swamp:4)
  11 fungi
  45 plants
  3 withered plants (D:15)
183 creatures vanquished.

Grand Total: 1313 creatures vanquished

Notes
Turn   | Place    | Note
-------+----------+-------------------------------------------
     0 | D:1      | Brecoman the Hill Orc Monk began the quest for the Orb.
     0 | D:1      | Reached XP level 1. HP: 19/19 MP: 1/1
   137 | D:1      | Reached XP level 2. HP: 27/27 MP: 2/2
   145 | D:1      | Reached skill level 4 in Fighting
   507 | D:1      | Reached XP level 3. HP: 32/34 MP: 3/3
   837 | D:1      | Reached skill level 5 in Axes
   934 | D:2      | Found a stormy altar of Qazlal.
  1181 | D:2      | Reached XP level 4. HP: 41/41 MP: 4/4
  1339 | D:2      | Reached skill level 5 in Fighting
  2244 | D:3      | Noticed Grinder
  2275 | D:3      | Killed Grinder
  2275 | D:3      | Reached skill level 6 in Fighting
  2275 | D:3      | Reached XP level 5. HP: 6/51 MP: 5/5
  2275 | D:3      | Reached XP level 6. HP: 7/58 MP: 6/6
  3168 | D:4      | Became a worshipper of Beogh the Brigand
  3168 | D:4      | Reached * piety under Beogh
  3168 | D:4      | Reached ** piety under Beogh
  3192 | D:4      | Reached skill level 1 in Shields
  3192 | D:4      | Reached XP level 7. HP: 37/64 MP: 7/7
  3333 | D:4      | Found a staircase to the Ecumenical Temple.
  3430 | D:4      | Reached skill level 7 in Fighting
  3997 | D:5      | Entered Level 5 of the Dungeon
  4251 | D:5      | Found a glowing drain.
  4305 | Sewer    | Entered a sewer
  4553 | Sewer    | Reached *** piety under Beogh
  4836 | D:5      | Got a distressingly furry ring mail
  4837 | D:5      | Identified the +3 ring mail of the Vestibule of Hell
                  | {Dex+2} (You found it on level 5 of the Dungeon)
  5128 | D:6      | Found a blossoming altar of Fedhas.
  5136 | D:6      | Reached skill level 1 in Invocations
  5365 | D:6      | Reached XP level 8. HP: 72/74 MP: 9/9
  5419 | D:6      | Noticed Pikel
  5455 | D:6      | Killed Pikel
  5455 | D:6      | Reached skill level 8 in Fighting
  5652 | D:6      | Noticed a shadow
  5653 | D:6      | Found a shadowy altar of Dithmenos.
  5656 | D:6      | Found a hazy altar of Hepliaklqana.
  5841 | D:6      | Reached skill level 5 in Invocations
  6491 | D:7      | Reached XP level 9. HP: 55/82 MP: 13/13
  6864 | D:7      | Found a flagged portal.
  6874 | Bailey   | Entered a bailey
  7010 | Bailey   | Reached skill level 1 in Armour
  7194 | Bailey   | Reached skill level 5 in Shields
  7461 | Bailey   | Got a twisted cloak
  7461 | Bailey   | Reached skill level 9 in Fighting
  7474 | Bailey   | Identified the cursed +0 cloak "Raulaw Cyib" {rElec} (You
                  | found it in a bailey)
  7871 | D:8      | Reached **** piety under Beogh
  8044 | D:8      | Noticed a two-headed ogre
  8045 | D:8      | Noticed Maggie
  8054 | D:8      | Killed Maggie
  8058 | D:8      | Killed a two-headed ogre
  8058 | D:8      | Reached skill level 10 in Axes
  8466 | D:8      | Noticed a two-headed ogre
  8476 | D:8      | Killed a two-headed ogre
  8476 | D:8      | Reached XP level 10. HP: 43/92 MP: 14/16
  8788 | D:8      | Found an ancient bone altar of Kikubaaqudgha.
  8900 | D:8      | Found a roughly hewn altar of Beogh.
  9141 | D:8      | Found a basalt altar of Yredelemnul.
  9353 | D:9      | Noticed a green ugly thing
  9364 | D:9      | Killed a green ugly thing
  9394 | D:9      | Reached skill level 10 in Fighting
  9612 | D:9      | Found a radiant altar of Vehumet.
  9857 | D:9      | Found a shimmering blue altar of Sif Muna.
 10043 | D:10     | Entered Level 10 of the Dungeon
 10225 | D:10     | Gained Norbak as an ally
 10225 | D:10     | Gained Margrim as an ally
 10233 | D:10     | Reached skill level 5 in Armour
 10356 | D:10     | Your ally Margrim died
 10959 | D:10     | Reached ***** piety under Beogh
 11090 | D:10     | Reached XP level 11. HP: 48/101 MP: 18/18
 11535 | D:10     | Found the ring of Shadows {Umbra +Inv Stlth+}
 12060 | D:11     | Noticed a two-headed ogre
 12072 | D:11     | Killed a two-headed ogre
 12310 | D:11     | Noticed Maurice
 12320 | D:11     | Killed Maurice
 12438 | D:11     | Noticed Erolcha
 12447 | D:11     | Killed Erolcha
 12447 | D:11     | Reached skill level 10 in Invocations
 12449 | D:11     | Reached skill level 11 in Fighting
 12621 | D:11     | Noticed a red ugly thing
 12630 | D:11     | Killed a red ugly thing
 12640 | D:11     | Upgraded the game from 0.25.0-1-g7eea58d2a3 to
                  | 0.25.0-9-g26727b657a
 12640 | D:11     | Upgraded the game from 0.25.0-9-g26727b657a to
                  | 0.25.0-10-g039870ee82
 12878 | D:11     | Found a staircase to the Lair.
 13020 | D:12     | Gained Morguth as an ally
 13173 | D:12     | Noticed an eight-headed hydra
 13179 | D:12     | Killed an eight-headed hydra
 13191 | D:12     | Noticed an orc knight
 13192 | D:12     | Found a roughly hewn altar of Beogh.
 13199 | D:12     | Found a staircase to the Orcish Mines.
 13202 | D:12     | Killed an orc knight
 13366 | D:12     | Noticed a two-headed ogre
 13382 | D:12     | Killed a two-headed ogre
 13711 | D:12     | Noticed a skeletal warrior
 13711 | D:12     | Noticed a two-headed ogre
 13716 | D:12     | Killed a two-headed ogre
 13716 | D:12     | Reached XP level 12. HP: 93/111 MP: 20/20
 13801 | D:12     | Got a polished leather armour
 13911 | D:12     | Found the amulet of the Four Winds {rN+ MR+++ Clar}
 14446 | D:12     | Noticed a two-headed ogre
 14451 | D:12     | Killed a two-headed ogre
 14703 | Orc:1    | Entered Level 1 of the Orcish Mines
 14782 | Orc:2    | Entered Level 2 of the Orcish Mines
 14782 | Orc:2    | Found a staircase to the Elven Halls.
 14827 | Orc:2    | Reached skill level 12 in Fighting
 14870 | Orc:2    | Noticed an orc high priest
 14875 | Orc:2    | Killed an orc high priest
 14881 | Orc:2    | HP: 2/112 [orc priest/divine providence (13)]
 14885 | Orc:2    | Gained Berold as an ally
 14893 | Orc:1    | Noticed Fannar
 14893 | Orc:1    | Noticed a stone giant
 15301 | Orc:2    | Noticed an orc high priest
 15320 | Orc:2    | Killed an orc high priest
 15323 | Orc:2    | Gained Herok as an ally
 15328 | Orc:2    | Noticed an orc high priest
 15328 | Orc:2    | Noticed a sun demon
 15339 | Orc:2    | Killed an orc high priest
 15344 | Orc:2    | Noticed an orc high priest
 15344 | Orc:2    | Your ally Herok died
 15349 | Orc:2    | Killed an orc high priest
 15364 | Orc:2    | Killed an orc high priest
 15449 | Orc:2    | Gained Blodwig as an ally
 15478 | Orc:2    | Found Dauwk's Antique Weapon Boutique.
 15478 | Orc:2    | Found Direirch's Weapon Boutique.
 15479 | Orc:2    | Found Addudopp's Book Shop.
 15479 | Orc:2    | Found Nips's Distillery.
 16021 | Orc:2    | Bought a manual of Fighting for 1545 gold pieces
 16338 | Orc:1    | Your ally Norbak died
 16338 | Orc:1    | Your ally Blodwig died
 16343 | Orc:1    | Killed Fannar
 16654 | Orc:1    | Killed a stone giant
 16926 | Lair:1   | Entered Level 1 of the Lair of Beasts
 16937 | Lair:1   | Noticed Prince Ribbit
 16944 | Lair:1   | Reached skill level 10 in Shields
 16949 | Lair:1   | Killed Prince Ribbit
 17005 | Lair:1   | Reached XP level 13. HP: 101/119 MP: 22/22
 17006 | Lair:1   | Reached skill level 13 in Fighting
 17686 | Lair:1   | Found a transporter.
 17717 | Lair:1   | Noticed thethe's ghost (novice MiFi)
 17736 | Lair:1   | Found a transporter.
 18021 | Lair:2   | Noticed Harold
 18026 | Lair:2   | Noticed Gastronok
 18035 | Lair:1   | Killed Harold
 18185 | Lair:2   | Killed Gastronok
 18376 | Lair:2   | You fall into a shaft and drop 1 floor!
 18989 | Lair:3   | Reached skill level 14 in Fighting
 19031 | Lair:3   | Found a staircase to the Swamp.
 19619 | Lair:4   | Reached skill level 10 in Armour
 19796 | Lair:4   | Reached skill level 1 in Evocations
 19938 | Lair:4   | Found a staircase to the Snake Pit.
 20713 | Lair:5   | Reached XP level 14. HP: 133/133 MP: 18/23
 20914 | Lair:5   | Identified a scroll of acquirement
 21150 | Lair:5   | You fall into a shaft and drop 1 floor!
 21150 | Lair:6   | Entered Level 6 of the Lair of Beasts
 21169 | Lair:6   | Reached skill level 15 in Fighting
 21183 | Lair:6   | Reached skill level 15 in Axes
 21487 | Lair:5   | Reached ****** piety under Beogh
 21805 | Lair:5   | You fall into a shaft and drop 1 floor!
 22665 | Lair:6   | Found a staircase to the Slime Pits.
 22666 | Lair:6   | Found a viscous altar of Jiyva.
 23031 | Lair:6   | Reached skill level 16 in Fighting
 23598 | D:13     | Noticed Kirke
 23611 | D:13     | Killed Kirke
 23741 | D:13     | Reached skill level 5 in Evocations
 23797 | D:13     | Gained Warrok as an ally
 24114 | D:13     | Gained Bogdan as an ally
 24373 | D:13     | Reached XP level 15. HP: 145/145 MP: 24/24
 24411 | D:13     | Found Sablaf's Assorted Antiques.
 24746 | D:13     | Found a gate to the Vaults.
 25735 | D:15     | Entered Level 15 of the Dungeon
 25771 | D:15     | Found a gate leading to a gauntlet.
 25783 | Gauntlet | Entered a Gauntlet
 25783 | Gauntlet | Found a transporter.
 25803 | Gauntlet | Found a transporter.
 25822 | Gauntlet | Found a transporter.
 25823 | Gauntlet | Found a transporter.
 25838 | Gauntlet | Found a transporter.
 25853 | Gauntlet | Found a transporter.
 25857 | Gauntlet | Found a transporter.
 25860 | Gauntlet | Found a transporter.
 25887 | Gauntlet | Found a transporter.
 25905 | Gauntlet | Found a transporter.
 25909 | Gauntlet | Found a transporter.
 25917 | Gauntlet | Found a transporter.
 26016 | Gauntlet | Got a pair of polished gloves
 26027 | Gauntlet | Identified the cursed +0 pair of gloves of a treasure trove
                  | {rN++ Str-5} (You found it in a Gauntlet)
 26069 | Gauntlet | Reached skill level 17 in Fighting
 26091 | Gauntlet | Got a brightly glowing amethyst amulet
 26907 | D:15     | Found a staircase to the Depths.
 27343 | D:15     | Identified the amulet "Lonnagitz" {Acrobat MP+9} (You found
                  | it in a Gauntlet)
 27852 | D:15     | Paralysed by a hornet for 1 turns
 28162 | D:15     | Upgraded the game from 0.25.0-10-g039870ee82 to
                  | 0.25.0-15-gac7dcb8919
 28299 | Swamp:1  | Entered Level 1 of the Swamp
 29308 | Swamp:1  | Reached skill level 18 in Fighting
 29457 | Swamp:1  | Identified the ring of Putusif {rCorr Int+4 Dex+2} (You
                  | found it on level 1 of the Swamp)
 29870 | Swamp:2  | Noticed a thorn hunter
 29898 | Swamp:1  | Killed a thorn hunter
 29898 | Swamp:1  | Reached XP level 16. HP: 133/157 MP: 25/25
 32123 | Swamp:3  | Found a frozen archway.
 32167 | IceCv    | Entered an ice cave
 32498 | IceCv    | Got a steaming scale mail
 32505 | IceCv    | Identified the cursed +1 scale mail "Wiust" {rF- Dex+9
                  | Stlth+} (You found it in an ice cave)
 33234 | IceCv    | Noticed an Ice Fiend
 33269 | IceCv    | Killed an Ice Fiend
 33269 | IceCv    | Reached skill level 19 in Fighting
 33824 | IceCv    | Got a crude granite ring
 33825 | IceCv    | Identified the ring of Cowardice {rC+ Str+4} (You found it
                  | in an ice cave)
 33832 | IceCv    | Got a smoking jade ring
 33833 | IceCv    | Identified the ring of Cizioturph {rPois rN+ Dex+4 SInv}
                  | (You found it in an ice cave)
 34179 | Swamp:3  | Found a transporter.
 34183 | Swamp:3  | Noticed Jorgrun
 34194 | Swamp:3  | Killed Jorgrun
 34234 | Swamp:3  | Identified the +1 trident of Opeduli {distort, Stlth+}
 34262 | Swamp:3  | Noticed Voldus's ghost (adept TrMo)
 34278 | Swamp:3  | Found a transporter.
 34361 | Swamp:3  | Found a one-way gate to the infinite horrors of the Abyss.
 35036 | Swamp:4  | Entered Level 4 of the Swamp
 35036 | Swamp:4  | Noticed a thorn hunter
 35258 | Swamp:3  | Killed a thorn hunter
 36671 | Swamp:4  | Upgraded the game from 0.25.0-15-gac7dcb8919 to
                  | 0.25.1-2-g60ff931df9
 37254 | Swamp:4  | Reached XP level 17. HP: 149/168 MP: 26/26
 37464 | Swamp:4  | Your ally Berold died
 37553 | Swamp:4  | Gained Wargath as an ally
 37789 | Swamp:4  | Found a basalt altar of Yredelemnul.
 37792 | Swamp:4  | Your ally Bogdan died
 37797 | Swamp:4  | Your ally Morguth died
 37809 | Swamp:4  | Your ally Wargath died
 37810 | Swamp:4  | Your ally Warrok died
 38326 | Swamp:4  | Reached skill level 10 in Evocations
 38756 | Swamp:4  | Got a decaying rune of Zot
 39466 | Swamp:4  | Found a blossoming altar of Fedhas.
 39772 | Snake:1  | Entered Level 1 of the Snake Pit
 40578 | Snake:1  | Reached skill level 20 in Fighting
 40605 | Snake:1  | Found a runed translucent door.
 40605 | Snake:1  | Found a shimmering altar of Xom.
 40605 | Snake:1  | Noticed Bunnuime's ghost (adept DECj)
 40605 | Snake:1  | Identified the cursed +1 broad axe "Dekkir" {chaos, rPois}
 41290 | Snake:1  | Reached skill level 15 in Shields
 43430 | Snake:2  | Noticed Frances
 43451 | Snake:2  | Killed Frances
 44886 | Snake:3  | HP: 2/170 [shock serpent (10)]
 44887 | Snake:3  | Killed from afar by a shock serpent

Illustrated notes

Levels and vault maps discovered:
D:1:      eino_arrival_water_cross, layout_loops_ring
D:2:      layout_loops_cross, minmay_misc_feat_rows,
          nicolae_qazlal_general_emergency
D:3:      kb_forest_paths, layout_loops_ring, uniq_grinder
D:4:      layout_cave_pods, minmay_temple_entry_overgrown
D:5:      layout_basic, first_ration, portal_sewer_entry_b
D:6:      layout_basic, fedhas_bush_and_centaur_altar,
          riverfiend_overflow_shadow_ancestor, uniq_pikel
D:7:      layout_rooms, enter_bailey_2
D:8:      layout_basic, lemuel_round_altar, overflow_temple_1_default,
          special_room [special_room_orc], uniq_maggie
D:9:      layout_loops_cross, vehumet_crystals, basic_altar
D:10:     cheibrodos_two_vegetables, layout_loops_corners
D:11:     layout_roguey, lair_entry_dummy, grunt_livestock, minmay_diced_spiral,
          uniq_erolcha, uniq_maurice
D:12:     minmay_bubble_buster, layout_rooms, david_orc_5
D:13:     layout_roguey, david_vaults_4, serial_shops, nicolae_shop_stone,
          uniq_kirke
D:14:     layout_cave_pools, minmay_misc_feat_room, kennysheep_cluttered_room
D:15:     gammafunk_depths_entry_grave, layout_stronghold, eino_curves_02,
          gauntlet_entry_generic
Lair:1:   layout_roguey, gammafunk_ghost_berserking_beasts, grunt_megastairs_2,
          infiniplex_staircase_pool, uniq_prince_ribbit2
Lair:2:   layout_hall_layers, uniq_gastronok, uniq_harold
Lair:3:   beast_lair_carwin_large_1, layout_loops_ring, swamp_mist_pool,
          chequers_serial_rivers_large_a
Lair:4:   layout_cave_pods, guppyfry_snake_entry_island, eino_house_with_fridge,
          serial_bayou_shore_b
Lair:5:   layout_cellular_growth, beast_lair_carwin_3, grunt_megastairs_5
Lair:6:   minmay_lair_end_frog_pond, layout_regular_city, slime_altar_1,
          nicolae_volcano_entry_hallway
Swamp:1:  layout_falls_marsh, evilmike_swamp_ruin_rubble_2, swamp_pool3
Swamp:2:  layout_basic_swamp, serial_swamp_ruin, evilmike_swamp_ruin_house_1,
          evilmike_swamp_ruin_house_2, evilmike_swamp_ruin_house_5
Swamp:3:  layout_falls_marsh, gammafunk_ghost_abyssal_escape,
          portal_ice_cave_entry_ice_statue_one, hangedman_swamp_blocks,
          uniq_jorgrun
Swamp:4:  byrel_swamp_growth_death_and_undeath, layout_basic_swamp
Snake:1:  layout_chambers, ebering_ghost_xom
Snake:2:  layout_grid_maze, uniq_frances
Snake:3:  layout_onion_interference, basic_altar, minmay_shoptagon
Orc:1:    layout_caves, uniq_fannar
Orc:2:    st_orc_pillars, layout_diamond_mine, special_room

Skill      XL: |  1  2  3  4  5  6  7  8  9 10 11 12 13 14 15 16 17 |
---------------+----------------------------------------------------+-----
Fighting       | 4 6 7 8 9 10 11 12 14 16 18 19 20 | 20.2
Axes           | 5 7 8 9 10 11 12 13 14 16 18 | 18.0
Shields        | 1 3 4 6 7 8 10 11 12 13 14 15 | 15.3
Invocations    | 2 6 8 9 11 12 13 | 13.2
Armour         | 3 5 7 8 10 11 12 13 14 | 14.8
Evocations     | 2 5 7 9 10 | 10.8
Dodging        | |  2.4
Stealth        | |  1.5

Action                   |  1- 3 |  4- 6 |  7- 9 | 10-12 | 13-15 | 16-18 || total
-------------------------+-------+-------+-------+-------+-------+-------++-------
Melee: Hand axe          |   131 |   216 |   441 |    86 |       |       ||   874
       War axe           |       |       |       |   457 |       |       ||   457
       Broad axe         |       |       |       |    46 |   967 |  1457 ||  2470
Throw: Stone             |     1 |       |       |       |       |       ||     1
Invok: Convert to Beogh  |       |     1 |       |       |       |       ||     1
       Smiting           |       |       |     2 |    15 |    34 |    46 ||    97
       Recall Orcish Fol |       |       |       |    13 |    11 |     7 ||    31
Evoke: Wand              |       |       |     1 |       |       |    17 ||    18
  Use: Scroll            |       |     7 |    13 |    11 |     9 |    10 ||    50
       Potion            |       |       |       |     2 |     1 |     7 ||    10
 Stab: Sleeping          |       |       |     2 |       |       |       ||     2
       Distracted        |       |       |     1 |     8 |     3 |     2 ||    14
       Confused          |       |       |       |       |       |     5 ||     5
       Paralysed         |       |       |       |       |       |     3 ||     3
  Eat: Chunk             |     1 |     7 |     6 |    23 |    33 |     8 ||    78
       Ration            |       |       |     3 |     3 |     3 |    12 ||    21
Armor: Ring mail         |    50 |     9 |    42 |       |       |       ||   101
       Robe              |     1 |       |       |       |       |       ||     1
       Chain mail        |       |   109 |    76 |       |       |       ||   185
       Plate armour      |       |       |    47 |   269 |   395 |   733 ||  1444
Dodge: Dodged            |    77 |    74 |    51 |    70 |   154 |   252 ||   678
Block: Tower shield      |       |    16 |   295 |   432 |   912 |  1359 ||  3014
